Map: Eternal Empire LE

Players

Zaechus - Winner!

  • Race: Protoss Protoss
  • League: Diamond
  • Spawn Location: 1:00

WirdNah

  • Race: Zerg Zerg
  • League: Diamond
  • Spawn Location: 7:00

VOD

Have the link to the VOD?

Description

Time

  • Played on: Aug. 3, 2020, 12:19 a.m.
  • Length: 15:26
Show
View Real Time Build Order
Export as new Build Order

Zaechus Protoss - Winner!

Build Orders: 1 Gate Expand, Chargelot Immortal 

Get SALT Encoding   

  12  0:00  Probe  
  13  0:12  Probe  
  14  0:19  Pylon  
  14  0:24  Probe  
  15  0:37  Gateway  
  15  0:40  Probe (Chrono Boost)  
  16  0:45  Assimilator  
  16  0:49  Probe (Chrono Boost)  
  17  0:55  Probe  
  18  1:07  Probe  
  19  1:19  Probe  
  20  1:26  Nexus  
  20  1:37  Cybernetics Core  
  20  1:40  Probe  
  21  1:47  Assimilator  
  21  1:52  Probe  
  22  1:54  Pylon  
  22  2:03  Probe  
  23  2:10  Stalker (Chrono Boost)  
  23  2:11  Probe  
  25  2:17  Warp Gate  
  25  2:20  Probe  
  26  2:27  Twilight Council  
  27  2:33  Adept  
  27  2:36  Probe  
  30  2:38  Probe  
  31  2:49  Gateway  
  31  2:50  Probe  
  32  2:53  Probe  
  33  3:02  Gateway  
  33  3:04  Probe  
  33  3:05  Resonating Glaives (Chrono Boost)  
  34  3:08  Probe  
  35  3:16  Adept  
  37  3:20  Probe x2  
  39  3:29  Shield Battery  
  39  3:32  Probe x2  
  41  3:38  Pylon  
  41  3:40  Pylon  
  41  3:44  Probe  
  42  3:50  Probe  
  43  3:56  Probe  
  44  4:03  Probe  
  45  4:10  Adept x2  
  45  4:12  Adept  
  51  4:17  Nexus  
  51  4:21  Probe x2  
  53  4:24  Stargate  
  53  4:27  Stargate  
  53  4:35  Assimilator  
  53  4:39  Assimilator  
  53  4:40  Probe x2  
  53  4:42  Zealot  
  55  5:05  Probe x2  
  53  5:12  Void Ray  
  53  5:13  Void Ray  
  57  5:18  Robotics Facility  
  57  5:20  Probe x2  
  59  5:32  Probe x2  
  59  5:35  Probe  
  62  5:37  Charge  
  62  5:44  Probe (Chrono Boost)  
  62  5:45  Probe (Chrono Boost)  
  62  5:48  Protoss Air Weapons Level 1 (Chrono Boost)  
  65  5:50  Probe (Chrono Boost)  
  65  5:56  Probe x2 (Chrono Boost)  
  67  5:59  Probe (Chrono Boost)  
  67  6:01  Probe (Chrono Boost)  
  67  6:03  Phoenix x2  
  73  6:08  Probe x2  
  73  6:09  Pylon  
  73  6:10  Probe  
  76  6:11  Pylon  
  76  6:19  Pylon  
  76  6:20  Probe  
  76  6:22  Pylon  
  76  6:24  Assimilator  
  76  6:25  Assimilator  
  77  6:27  Immortal, Probe x2  
  77  6:28  Phoenix  
  86  6:32  Probe  
  86  6:33  Phoenix  
  88  6:43  Probe x2  
  88  6:44  Probe  
  91  6:52  Gateway  
  91  6:53  Phoenix  
  93  6:54  Gateway  
  93  6:56  Gateway  
  93  6:58  Pylon  
  93  6:59  Probe x3  
  96  7:02  Phoenix  
  96  7:06  Immortal  
  102  7:10  Zealot  
  102  7:11  Zealot, Probe x3  
  109  7:16  Pylon  
  109  7:23  Probe  
  109  7:25  Probe  
  109  7:26  Probe  
  112  7:35  Probe  
  112  7:36  Phoenix x2  
  117  7:37  Probe  
  117  7:40  Probe  
  119  7:47  Probe  
  119  7:49  Immortal  
  119  7:50  Probe  
  124  7:58  Pylon  
  124  8:01  Pylon  
  124  8:04  Fleet Beacon, Forge  
  124  8:26  Stalker x5  
  124  8:27  Stalker  
  136  8:37  Protoss Ground Weapons Level 1 (Chrono Boost)  
  136  8:40  Nexus  
  136  8:45  Pylon  
  136  8:47  Pylon x2  
  136  8:51  Immortal  
  140  9:01  Pylon, Protoss Air Weapons Level 2  
  140  9:03  Pylon  
  140  9:05  Pylon  
  140  9:06  Zealot x4  
  140  9:07  Pylon, Zealot x2  
  140  9:08  Pylon  
  140  9:09  Pylon  
  152  9:15  Gateway  
  152  9:17  Gateway  
  152  9:19  Gateway  
  152  9:23  Gateway  
  152  9:26  Templar Archives  
  152  9:30  Immortal  
  156  9:43  Zealot x6  
  168  9:54  Psionic Storm  
  168  9:55  Assimilator  
  168  10:00  Assimilator  
  168  10:07  Stargate  
  168  10:09  Immortal, Stargate  
  168  10:10  Stargate  
  172  10:19  High Templar x5  
  172  10:21  Zealot x5  
  188  10:35  Archon x2  
  178  10:46  High Templar x3  
  178  10:47  High Templar  
  178  10:49  Immortal  
  186  10:52  Photon Cannon  
  186  10:54  Photon Cannon  
  180  10:59  Photon Cannon  
  180  11:01  Photon Cannon  
  180  11:04  Photon Cannon  
  180  11:08  Photon Cannon  
  180  11:10  Stalker x4  
  180  11:11  Stalker x2  
  192  11:14  Protoss Ground Weapons Level 2 (Chrono Boost)  
  192  11:28  Observer  
  192  11:29  Nexus  
  193  11:41  Nexus  
  193  11:42  High Templar x2  
  197  11:50  Pylon  
  197  11:54  Archon x3  
  197  12:02  Photon Cannon  
  197  12:05  Photon Cannon  
  197  12:19  Pylon  
  197  12:24  Nexus  
  197  12:42  Nexus  
  197  12:49  Zealot  
  200  12:51  Observer  
  164  13:07  High Templar x6  
  164  13:12  Zealot x3  
  178  13:15  Archon x2  
  178  13:17  Archon  
  167  13:49  Carrier  
  167  13:50  Carrier x2  
  167  13:51  Zealot x5  
  167  13:52  Zealot x3  
Show
View Real Time Build Order
Export as new Build Order

WirdNah Zerg 

Build Orders: Hatch First 

Get SALT Encoding   

  12  0:00  Drone  
  13  0:12  Overlord  
  13  0:17  Drone  
  14  0:31  Drone x2  
  16  0:49  Hatchery  
  15  0:52  Drone  
  15  0:55  Drone  
  17  0:59  Drone  
  18  1:09  Extractor  
  17  1:15  Spawning Pool  
  17  1:18  Drone  
  17  1:20  Drone  
  18  1:28  Drone  
  19  1:39  Drone  
  20  1:49  Overlord  
  20  2:02  Queen x2  
  20  2:03  Drone x2  
  26  2:11  Drone  
  26  2:12  Drone, Metabolic Boost  
  28  2:23  Drone x2  
  30  2:36  Hatchery  
  29  2:41  Queen  
  31  2:46  Overlord  
  31  2:51  Zergling x4  
  33  2:54  Drone  
  33  2:55  Drone  
  33  2:56  Drone  
  36  3:05  Overlord  
  36  3:09  Drone x3  
  36  3:10  Drone  
  40  3:26  Drone  
  41  3:27  Drone x2  
  41  3:31  Drone  
  41  3:33  Roach Warren  
  43  3:37  Overlord  
  43  3:44  Lair  
  43  3:47  Drone x2, Extractor  
  43  3:48  Drone x3, Extractor  
  47  3:49  Drone x2  
  47  3:50  Drone  
  49  4:05  Drone  
  49  4:07  Drone x3  
  49  4:08  Extractor  
  52  4:11  Overlord  
  52  4:21  Roach x6  
  64  4:32  Queen x2  
  64  4:35  Overlord x2  
  64  4:36  Roach  
  70  4:59  Roach  
  74  5:00  Roach x8  
  77  5:17  Glial Reconstitution  
  77  5:19  Drone x5  
  77  5:20  Drone  
  77  5:21  Drone x2  
  85  5:23  Drone  
  86  6:03  Drone  
  87  6:04  Spire  
  87  6:07  Overlord  
  87  6:08  Overlord x4  
  86  6:28  Drone x16  
  86  6:29  Drone  
  103  6:41  Hatchery  
  102  6:48  Drone  
  102  6:49  Drone x3, Extractor  
  102  6:50  Drone x3, Extractor  
  102  6:52  Drone x5  
  112  6:58  Overlord x2  
  112  7:29  Drone x4  
  120  7:30  Drone x9  
  120  7:33  Extractor  
  120  7:34  Zerg Flyer Armor Level 1  
  124  7:38  Extractor  
  123  7:45  Spore Crawler  
  123  7:48  Spore Crawler  
  123  7:50  Drone, Spore Crawler  
  123  7:51  Drone  
  122  7:52  Drone, Corruptor  
  122  7:53  Corruptor x5  
  122  7:56  Hatchery, Overlord x3  
  134  8:02  Corruptor  
  136  8:15  Corruptor  
  136  8:16  Corruptor x5  
  148  8:40  Drone  
  149  8:41  Drone x3  
  149  8:42  Drone x3  
  149  8:43  Drone  
  156  8:51  Corruptor  
  156  8:52  Corruptor  
  156  8:54  Overlord x5  
  156  8:55  Overlord  
  160  9:07  Queen  
  160  9:08  Evolution Chamber  
  160  9:09  Evolution Chamber  
  160  9:12  Hatchery  
  160  9:15  Hatchery  
  158  9:22  Infestation Pit  
  158  9:23  Drone  
  158  9:24  Drone x4  
  161  9:25  Baneling Nest  
  161  9:34  Drone  
  161  9:35  Drone x8, Corruptor  
  161  9:36  Corruptor x7  
  178  9:56  Corruptor  
  178  9:57  Corruptor x5  
  178  9:59  Zergling x2  
  193  10:00  Zergling x10  
  196  10:34  Zergling x8  
  198  10:47  Hive  
  194  10:57  Zergling x2  
  194  10:58  Zergling x10  
  198  11:18  Zergling x16  
  195  11:22  Zerg Melee Weapons Level 1, Zerg Ground Armor Level 1  
  196  11:26  Hydralisk Den  
  185  11:49  Zergling x12  
  185  11:50  Zergling x22  
  185  11:51  Centrifical Hooks  
  192  12:10  Zergling x18  
  187  12:20  Greater Spire  
  187  12:22  Grooved Spines  
  187  12:32  Hydralisk  
  187  12:33  Hydralisk x5  
  187  12:36  Baneling  
  199  12:37  Baneling x19  
  199  12:38  Baneling x20  
  117  13:06  Zergling x2  
  117  13:07  Zergling x46  
  132  13:18  Zergling x6  
  132  13:19  Zergling x4  
  116  13:29  Baneling x11  
  115  13:34  Corruptor x3  
  115  13:35  Corruptor x5  
  115  13:37  Brood Lord  
  115  13:38  Brood Lord x2  
  116  13:50  Spire  
Tags
 
Add a new tag
Caveats
  • Supply blocks, unpowered buildings, or Contaminate may cause inaccurate times.
  • Supply counts are checked every 10 seconds.